Map: Ley Lines

Players

chupameesta - Winner!

  • Race: Zerg Zerg
  • Spawn Location: 1:00

Crucial

  • Race: Terran Terran
  • Spawn Location: 7:00

VOD

Have the link to the VOD?

Description

Time

  • Played on: May 17, 2025, 10:55 p.m.
  • Length: 4:43
Show
View Real Time Build Order
Export as new Build Order

chupameesta Zerg - Winner!

Build Orders: Hatch First 

Get SALT Encoding   

  12  0:08  Drone x2  
  14  0:39  Overlord  
  14  0:40  Hatchery  
  13  0:50  Extractor  
  13  0:51  Drone x2  
  14  0:59  Drone  
  15  1:06  Drone  
  16  1:17  Spawning Pool  
  15  1:21  Drone  
  16  1:29  Drone  
  17  1:35  Drone  
  18  1:46  Drone  
  19  1:54  Drone  
  20  1:58  Overlord  
  20  2:04  Queen  
  20  2:05  Metabolic Boost  
  23  2:08  Zergling x2  
  23  2:13  Zergling x2  
  24  2:27  Overlord x2  
  24  2:30  Zergling x2  
  24  2:31  Zergling x2  
  26  2:37  Zergling x2  
  27  2:44  Zergling x2  
  28  2:54  Zergling x4  
  28  2:57  Zergling x2  
  31  3:03  Baneling Nest  
  30  3:05  Extractor  
  30  3:09  Zergling x4  
  31  3:16  Zergling x2  
  32  3:27  Zergling x2  
  32  3:28  Zergling x8  
  32  3:33  Drone  
  38  3:42  Drone x2  
  38  3:48  Baneling x3  
  40  3:51  Baneling x2  
  40  3:59  Drone  
  40  4:01  Drone  
  40  4:02  Drone  
  43  4:06  Drone  
  44  4:12  Overlord  
Show
View Real Time Build Order
Export as new Build Order

Crucial Terran 

Build Orders:  

Get SALT Encoding   

  12  0:00  SCV  
  13  0:12  SCV  
  14  0:17  Supply Depot  
  14  0:24  SCV  
  15  0:38  SCV  
  15  0:40  Barracks  
  16  0:50  SCV  
  16  0:54  Refinery  
  17  1:03  SCV  
  18  1:21  SCV  
  19  1:27  Marine  
  20  1:33  Orbital Command  
  20  1:37  Supply Depot  
  20  1:48  Marine  
  20  1:53  Command Center  
  21  2:01  SCV  
  21  2:07  Factory  
  22  2:13  SCV  
  23  2:25  SCV  
  24  2:34  Barracks  
  24  2:37  SCV  
  24  2:40  Marine  
  26  2:54  Refinery  
  26  2:59  Factory Reactor  
  26  3:02  Starport  
  26  3:06  Orbital Command, Barracks  
  26  3:10  SCV, Marine  
  28  3:22  SCV  
  28  3:25  Barracks Tech Lab  
  29  3:34  SCV  
  29  3:36  Barracks Reactor  
  29  3:38  SCV  
  31  3:45  Supply Depot  
  31  3:47  Marine  
  32  4:03  Marine  
  32  4:05  Marine  
  32  4:06  Supply Depot  
  32  4:07  SCV  
  32  4:08  SCV  
  38  4:20  SCV  
  39  4:25  Refinery  
Tags
 
Matchup
TvZ
Replay Pack
zip
Spawn Locations
Cross Positions
Add a new tag
Caveats
  • Supply blocks, unpowered buildings, or Contaminate may cause inaccurate times.
  • Supply counts are checked every 10 seconds.